 Seeded DCSS version 0.30-a0-422-g946f4849ff (webtiles) character file.

Game seed: 20221208 (custom seed)

742 flotson the Sneak (level 7, -1/55 HPs)
             Began as a Demonspawn Delver on Dec 8, 2022.
             Slain by an orc
             ... wielding a +0 trident
              (4 damage)
             ... on level 4 of the Dungeon.
             The game lasted 00:08:24 (3627 turns).

flotson the Sneak (Demonspawn Delver)               Turns: 3627, Time: 00:08:25

Health: -1/55      AC:  6    Str: 14    XL:     7   Next: 47%
Magic:  7/7        EV: 12    Int: 11    God:
Gold:   233        SH:  0    Dex: 21    Spells: 6/6 levels left

rFire   . . .      SeeInvis .    a - +0 glaive
rCold   . . .      Faith    .    (shield currently unavailable)
rNeg    . . .      Spirit   .    x - +0 scale mail
rPois   .          Reflect  .    (helmet restricted)
rElec   .          Harm     .    (no cloak)
rCorr   .          Rampage  .    (no gloves)
Will    .....                    (no boots)
Stlth   ++........               (no amulet)
HPRegen 0.29/turn                w - +6 ring of dexterity
MPRegen 0.10/turn                l - ring of flight

@: lethally poisoned (-1 -> -3), flying
A: antennae 1, ignite blood 1, sturdy frame 1
a: no special abilities


You were on level 4 of the Dungeon.
You visited 1 branch of the dungeon, and saw 5 of its levels.
You also visited: Ossuary.

You collected 233 gold pieces.

Inventory:

Hand Weapons
 a - a +0 glaive (weapon)
 b - the +6 dagger of Ohedoq {freeze, Int+6}
   (You found it on level 3 of the Dungeon)

   It freezes those it strikes, dealing additional cold damage.
   It can also slow down cold-blooded creatures.
   Int:       It affects your intelligence (+6).
Missiles
 f - 3 boomerangs (quivered)
Armour
 x - a +0 scale mail (worn)
Jewellery
 l - a ring of flight (right hand)
 w - a +6 ring of dexterity (left hand)
Wands
 g - a wand of digging (3)
Scrolls
 c - 2 scrolls of fog
 d - a scroll of acquirement {unknown}
 e - 2 scrolls of enchant weapon {unknown}
 j - a scroll of torment {unknown}
 k - a scroll of poison {unknown}
 n - a scroll of blinking {unknown}
 o - 2 scrolls of teleportation {unknown}
 p - 3 scrolls of enchant armour {unknown}
 s - a scroll of brand weapon {unknown}
 t - a scroll of silence {unknown}
 u - a scroll of magic mapping
 y - a scroll of identify {unknown}
 B - 3 scrolls of immolation
Potions
 h - a potion of lignification
 i - 3 potions of curing
 m - 3 potions of cancellation {unknown}
 q - a potion of berserk rage {unknown}
 r - a potion of heal wounds {unknown}
 v - a potion of mutation {unknown}
 z - 3 potions of might
 A - 2 potions of attraction {unknown}


   Skills:
 + Level 4.7 Fighting
 - Level 1.7 Axes
 + Level 2.4 Throwing
 + Level 3.2 Armour
 + Level 3.7 Dodging
 - Level 5.0 Stealth
 + Level 3.4 Evocations


You had 6 spell levels left.
You didn't know any spells.
Your spell library contained the following spells:

 Spells                   Type           Power      Damage    Failure   Level
 Hailstorm                Conj/Ice       0%         3d3       95%         3
 Inner Flame              Hex/Fire       0%         N/A       95%         3
 Cause Fear               Hex            0%         N/A       100%        4
 Ice Form                 Ice/Tmut       0%         N/A       100%        4
 Simulacrum               Ice/Necr       0%         N/A       100%        6
 Discord                  Hex            0%         N/A       100%        8


Dungeon Overview and Level Annotations

Branches:
Dungeon (5/15)             Temple (0/1) D:4         Ossuary (visited)

Altars:
Vehumet
Xom

Shops:
D:4 [


Innate Abilities, Weirdness & Mutations

You have a pair of small antennae on your head.
Your demonic aura sometimes causes spilled blood to erupt in flames.
Your movements are slightly less encumbered by armour. (ER -2)


Message History

The ball python barely misses you. The ball python grabs you.
The ball python constricts you. The orc barely misses you. The adder bites you.
You are more poisoned.
The adder poisons you! The ball python completely misses you.
The ball python constricts you. The orc hits you but does no damage.
The adder bites you but does no damage.
You hit the ball python.
The ball python is severely wounded.
You feel very sick.
The ball python bites you but does no damage.
The ball python constricts you. The adder bites you but does no damage.
The orc hits you from afar with a +0 trident.
The ball python bites you but does no damage.
The ball python constricts you. The adder misses you.
The orc hits you from afar with a +0 trident.
* * * LOW HITPOINT WARNING * * *
You are too injured to fight recklessly!
Unknown command.
You are too injured to fight recklessly!
Unknown command.
You are too injured to fight recklessly!
Unknown command.
You slash the adder!
You kill the adder!
You feel very sick.
The ball python bites you but does no damage.
The ball python constricts you.
The ball python bites you but does no damage.
The ball python constricts you.
The orc hits you from afar with a +0 trident.
* * * LOW HITPOINT WARNING * * *
You hit the ball python.
You kill the ball python!
You feel sick.
The orc hits you from afar with a +0 trident.
* * * LOW HITPOINT WARNING * * *
The orc barely misses you.
* * * LOW HITPOINT WARNING * * *
You feel sick. The orc hits you with a +0 trident.
You die...

.# #.................###....##
##***.............#.#.....#.#####
.#*,,,,,,,#......####....##.# #..
.#*,,,,,,,.........##.....#.###..
.....,,,,,...#......#..#.........
###.#,,,,,............####.......
#*,,#*,,,.............#..........
#*>,,,,,,....###)).........###...
..,,,,,,,.......@##.........##...
B.,,*,,,,......o.###.#...........
...,**,,,........#*#.##..........
.,,,,,,,,.........*##.....†......
.,,,,,,,,........#* #.......#....
.*,,,,,,,........# #.#.###......
*_*,,,**,........#**##..##...<.#.
,*,,*,,,,.........,,....,#....###
,,,,**,,,,,,,**,,,,....,*#.##....


You could see an orc.

Vanquished Creatures
  Grinder (D:2)
  A phantom (D:4)
  2 centaur zombies (Ossuary)
  2 hounds
  3 human zombies (Ossuary)
  Jessica (D:2)
  An orc wizard (D:3)
  4 mummies
  3 gnolls (D:3)
  6 adders
  A white imp (D:5)
  2 worms
  A dart slug (D:1)
  9 orcs
  2 bats (D:1)
  9 endoplasms
  3 giant cockroaches
  7 goblins
  4 hobgoblins
  4 ball pythons
  3 frilled lizards
  A hobgoblin zombie (Ossuary)
  6 kobolds
  A kobold zombie (Ossuary)
  An orc zombie (Ossuary)
  3 rats
81 creatures vanquished.

Notes
Turn   | Place    | Note
-------+----------+-------------------------------------------
     0 | D:5      | flotson the Demonspawn Delver began the quest for the Orb.
     0 | D:5      | Reached XP level 1. HP: 18/18 MP: 1/1
   154 | D:5      | Found a shimmering altar of Xom.
   176 | D:5      | Gained mutation: Your demonic aura sometimes causes spilled
                  | blood to erupt in flames. [demonic ancestry]
   176 | D:5      | Reached XP level 2. HP: 17/24 MP: 2/2
   182 | D:5      | Reached skill level 1 in Armour
   182 | D:5      | Reached skill level 1 in Evocations
   182 | D:5      | Gained mutation: You have a pair of small antennae on your
                  | head. [demonic ancestry]
   182 | D:5      | Reached XP level 3. HP: 23/29 MP: 3/3
   196 | D:5      | Noticed a phantom
   206 | D:5      | Noticed a water moccasin
   230 | D:4      | Killed a phantom
   231 | D:4      | Reached skill level 5 in Stealth
   231 | D:4      | Reached XP level 4. HP: 4/36 MP: 4/4
   385 | D:4      | Found Ynunuyh's Armour Shoppe.
   553 | D:4      | Found a sand-covered staircase.
   559 | Ossuary  | Entered an ossuary
   609 | Ossuary  | Reached XP level 5. HP: 42/42 MP: 5/5
   659 | Ossuary  | Reached skill level 1 in Throwing
   787 | Ossuary  | Gained mutation: Your movements are slightly less
                  | encumbered by armour. (ER -2) [demonic ancestry]
   787 | Ossuary  | Reached XP level 6. HP: 41/48 MP: 6/6
  1111 | D:4      | Found a staircase to the Ecumenical Temple.
  1129 | D:3      | Found a radiant altar of Vehumet.
  1203 | D:2      | Noticed Jessica
  1228 | D:2      | Killed Jessica
  2494 | D:3      | Identified the +6 dagger of Ohedoq {freeze, Int+6}
  2839 | D:3      | Noticed Grinder
  3080 | D:2      | Killed Grinder
  3081 | D:2      | Reached XP level 7. HP: 21/55 MP: 7/7
  3627 | D:4      | Slain by an orc

Illustrated notes

Levels and vault maps discovered:
D:1:      saegor_arrival_simple_e, layout_basic
D:2:      layout_rooms, uniq_jessica
D:3:      layout_basic, fiery_altar_vehumet, nicolae_hexahallways, uniq_grinder
D:4:      layout_cave_pools, okawaru_metal_pillars_1_2,
          minmay_temple_entry_proselytizer, serial_shops,
          nicolae_shop_advertising_works [nicolae_subvault_shop_adworks],
          gup_ossuary_entry_pyramid
D:5:      layout_basic, lemuel_crystal_altar, nicolae_elyvilon_peaceful_grove,
          dk_xom_monty_hall

Skill      XL: |  1  2  3  4  5  6 |
---------------+-------------------+-----
Armour         | 1 2 3 |  3.2
Dodging        | 2 3 |  3.7
Evocations     | 1 2 3 |  3.4
Stealth        | 5 |  5.0
Throwing       | 1 2 |  2.4
Fighting       | 4 |  4.7
Axes           | |  1.7

Action                   |  1- 3 |  4- 6 |  7- 9 || total
-------------------------+-------+-------+-------++-------
Melee: Glaive            |    20 |   215 |    46 ||   281
       Hand axe          |     2 |       |       ||     2
Throw: Boomerang         |       |     4 |       ||     4
  Use: Scroll            |     1 |     1 |       ||     2
       Potion            |     1 |     3 |       ||     4
 Stab: Sleeping          |       |     7 |       ||     7
       Distracted        |       |       |     1 ||     1
Armor: Leather armour    |     3 |     8 |       ||    11
       Chain mail        |       |    69 |       ||    69
       Scale mail        |       |    37 |    25 ||    62
       Skin              |       |     3 |       ||     3
Dodge: Dodged            |    17 |   154 |    23 ||   194

Table legend: (Time is in decaauts)
 A = Elapsed time spent in this place.
 B = Non-inter-level travel time spent in this place.
 C = Inter-level travel time spent in this place.
 D = Time resting spent in this place.
 E = Time spent auto-exploring this place.
 F = Levels seen in this place.
 G = Mean time per level.
                   A        B        C        D        E       F      G
               +--------+--------+--------+--------+--------+-----+--------+
         Total |   3805 |   3637 |    168 |    396 |   2185 |   6 |  634.2 |
       Dungeon |   3379 |   3211 |    168 |    396 |   1921 |   5 |  675.8 |
       Ossuary |    425 |    425 |      0 |      0 |    264 |   1 |  425.0 |
               +--------+--------+--------+--------+--------+-----+--------+

Top non-repeatable levels by time:
     D:3: 1069 daAuts
     D:1: 820 daAuts
     D:2: 807 daAuts
     D:4: 461 daAuts
 Ossuary: 425 daAuts
     D:5: 221 daAuts
